 Dungeon Crawl Stone Soup version 0.22.1-1-ga44c0e5 (webtiles) character file.

87 Fang the Chopper (level 4, -4/29 HPs)
             Began as a Gargoyle Berserker on Oct 3, 2018.
             Was a Follower of Trog.
             Shot with an arrow by a centaur (9 damage)
             ... on level 2 of the Dungeon.
             The game lasted 00:02:30 (1053 turns).

Fang the Chopper (Gargoyle Berserker)               Turns: 1053, Time: 00:02:30

Health: -4/29      AC:  5    Str: 22    XL:     4   Next: 51%
Magic:  4/4        EV: 12    Int:  7    God:    Trog [*.....]
Gold:   71         SH:  0    Dex:  9    Spells: 3/3 levels left

rFire    . . .     SeeInvis .   a - +0 hand axe
rCold    . . .     Gourm    .   (no shield)
rNeg     + . .     Faith    .   b - +0 animal skin
rPois    ∞         Spirit   .   (no helmet)
rElec    +         Reflect  .   (no cloak)
rCorr    .         Harm     .   (no gloves)
MR       .....                  (no boots)
Stlth    +.........             (no amulet)
HPRegen  0.09/turn              (no ring)
MPRegen  0.09/turn              (no ring)

@: berserk cooldown, slowed, very slow
A: negative energy resistance 1, electricity resistance, unbreathing,
petrification resistance, rot immunity, AC +3
a: Berserk, Renounce Religion


You were on level 2 of the Dungeon.
You worshipped Trog.
Trog was aware of your devotion.
You were not hungry.

You visited 1 branch of the dungeon, and saw 2 of its levels.

You collected 71 gold pieces.

Inventory:

Hand Weapons
 a - a +0 hand axe (weapon)
Armour
 b - a +0 animal skin (worn)
Jewellery
 l - an uncursed ring of magical power {unknown}
Scrolls
 e - 2 scrolls of remove curse {unknown}
 g - 3 scrolls of identify {unknown}
 h - a scroll of magic mapping {unknown}
 k - 4 scrolls of teleportation {unknown}
Potions
 d - a potion of haste {unknown}
 f - a potion of lignification {unknown}
 i - a potion of curing {unknown}
 j - a potion of invisibility {unknown}
 m - a potion of brilliance {unknown}
Comestibles
 c - 2 rations
 n - 3 chunks of flesh


   Skills:
 + Level 3.9 Fighting
 + Level 3.9 Axes
 + Level 2.4 Armour
 + Level 2.0 Dodging
 + Level 0.4 Stealth


You had 3 spell levels left.
You didn't know any spells.
Your spell library was empty.

Dungeon Overview and Level Annotations

Branches:
Dungeon (2/15)

Altars:


Innate Abilities, Weirdness & Mutations

You are resistant to torment.
Your stone body is resilient. (AC +3)
You are immune to poison.
You resist negative energy. (rN+)
You are resistant to electric shocks. (rElec)
You can survive without breathing.
You are immune to petrification.
You are immune to rotting.


Message History

n - 4 chunks of flesh
Things that are here:
a dagger; a robe Eat one of 4 chunks of flesh? (ye/n/q)
You eat one of the 4 chunks of flesh.
This raw flesh tastes terrible.
Okay, then.
You start resting.
A centaur comes into view. It is wielding a short sword.
A centaur is nearby!
A centaur is nearby!
The centaur unwields an uncursed short sword.
The centaur wields a shortbow.
The centaur shoots an arrow.
The arrow barely misses you.
The centaur shoots an arrow.
The arrow barely misses you.
You see here 2 arrows.
The centaur shoots an arrow.
The arrow hits you.
The centaur shoots an arrow.
The arrow hits you!
* * * LOW HITPOINT WARNING * * *
The centaur shoots an arrow.
The arrow hits you!
You die...

# .####
#####....#
#.........
#))..c....
#.[.......
#))......(
#(...$....
#.@.......
#.........
...<.#####.
#######


You could see a centaur.

Vanquished Creatures
  2 orc wizards (D:2)
  An ooze (D:2)
  A dart slug (D:2)
  3 orcs (D:2)
  A giant cockroach (D:1)
  2 goblins (D:1)
  2 hobgoblins (D:1)
  4 jackals (D:1)
  A bat (D:1)
  3 kobolds (D:1)
  3 rats (D:1)
23 creatures vanquished.

Notes
Turn   | Place    | Note
-------+----------+-------------------------------------------
     0 | D:1      | Fang the Gargoyle Berserker began the quest for the Orb.
     0 | D:1      | Reached XP level 1. HP: 14/14 MP: 1/1
   234 | D:1      | Reached XP level 2. HP: 18/19 MP: 2/2
  1022 | D:2      | Reached XP level 3. HP: 17/24 MP: 3/3
  1024 | D:2      | Reached XP level 4. HP: 17/29 MP: 4/4
  1050 | D:2      | Noticed a centaur
  1053 | D:2      | Shot with an arrow by a centaur

Skill      XL: |  1  2  3 |
---------------+----------+-----
Axes           | 3 |  3.9
Dodging        | 2 |  2.0
Fighting       | |  3.9
Armour         | |  2.4
Stealth        | |  0.4

Action                   |  1- 3 |  4- 6 || total
-------------------------+-------+-------++-------
Melee: Hand axe          |    55 |     1 ||    56
Invok: Berserk           |     2 |       ||     2
  Eat: Chunk             |     1 |     1 ||     2
Armor: Animal skin       |    18 |       ||    18
Dodge: Dodged            |    34 |     3 ||    37
